 Dungeon Crawl Stone Soup version 0.21-a0-476-gd103f4b (webtiles) character file.

62206 theanonym the Severer (level 15, -18/143 HPs)
             Began as a Hill Orc Fighter on Nov 23, 2017.
             Was the Champion of Beogh.
             Killed from afar by a wretched star (26 damage)
             ... with an orb of energy
             ... on level 2 of the Abyss.
             The game lasted 01:11:12 (24088 turns).

theanonym the Severer (Hill Orc Fighter)           Turns: 24088, Time: 01:11:13

Health: -18/143    AC: 21    Str: 33    XL:     15   Next: 5%
Magic:  22/22      EV: 10    Int:  8    God:    Beogh [******]
Gold:   1222       SH: 14    Dex: 17    Spells: 11/14 levels left

rFire    + . .     SeeInvis .   T - +1 war axe "Sumom" {chop, *Drain Str+7 Dex+4}
rCold    . . .     Gourm    .   c - +0 shield
rNeg     . . .     Faith    .   n - +3 chain mail {rF+}
rPois    .         Spirit   .   l - +0 helmet
rElec    .         Reflect  .   A - +0 cloak
rCorr    .         Harm     .   Q - +0 pair of gloves
MR       +....     Rnd*Rage +   B - +0 pair of boots Stlth ..........Rnd*Tele +
                                e - amulet of rage {+Rage}
HPRegen  0.00/turn              X - +5 ring of dexterity
MPRegen  0.18/turn              (no ring)

@: berserk cooldown, very slightly contaminated, non-regenerating, mildly
diseased, hasted and slowed, drained
A: walk on water, [berserk 2], [clumsy 1], [inhibited regeneration],
[teleportitis 2], [subdued magic 2]
a: Smiting, Recall Orcish Followers, Give Item to Named Follower, Resurrection,
Renounce Religion, Evoke Berserk Rage


Innate Abilities, Weirdness & Mutations

You can walk on water.
[You often lose your temper in combat.]
[You are clumsy. (Dex -2)]
[You do not regenerate when monsters are visible.]
[You are sometimes teleported next to monsters.]
[Your spells are easier to cast, but less powerful.]


   Skills:
 + Level 15.9(15.5) Fighting
 - Level 16.0(15.7) Axes
 + Level 12.8(12.4) Armour
 + Level 3.0(2.7) Dodging
 + Level 12.9(12.5) Shields
 - Level 10.0(9.6) Invocations


You had 11 spell levels left.
You knew the following spells:

 Your Spells              Type           Power        Failure   Level  Hunger
a - Blink                 Tloc           N/A          93%         2    ###....
b - Apportation           Tloc           #.....       83%         1    ##.....

Skill      XL: |  1  2  3  4  5  6  7  8  9 10 11 12 13 14 15 |
---------------+----------------------------------------------+-----
Axes           | 3 4 5 6 8 9 11 12 14 16 | 16.0
Fighting       | 4 6 8 10 11 12 14 15 | 15.9
Invocations    | 1 3 8 10 | 10.0
Dodging        | 1 2 3 |  3.0
Armour         | 4 6 9 11 12 | 12.8
Shields        | 4 6 9 11 12 | 12.9

Action                   |  1- 3 |  4- 6 |  7- 9 | 10-12 | 13-15 || total
-------------------------+-------+-------+-------+-------+-------++-------
Melee: War axe           |    99 |   204 |   273 |   794 |   646 ||  2016
Throw: Throwing net      |       |       |     2 |     3 |     8 ||    13
       Tomahawk          |       |       |       |     4 |       ||     4
Invok: Convert to Beogh  |       |     1 |       |       |       ||     1
       Give Item to Name |       |       |       |     3 |     2 ||     5
       Recall Orcish Fol |       |       |       |     2 |    10 ||    12
       Stop Recall       |       |       |       |     1 |     3 ||     4
       Smiting           |       |       |       |       |     1 ||     1
       Resurrection      |       |       |       |       |     1 ||     1
Evoke: Lamp of fire      |       |       |       |       |     1 ||     1
  Use: Scroll            |       |     8 |     3 |     5 |    14 ||    30
       Potion            |       |       |     2 |    10 |     6 ||    18
 Stab: Held in net/web   |       |       |     4 |     1 |     4 ||     9
       Distracted        |       |       |       |     5 |    10 ||    15
       Paralysed         |       |       |       |       |     2 ||     2
  Eat: Chunk             |     1 |     9 |    11 |    17 |    15 ||    53
       Meat ration       |       |       |       |     3 |     3 ||     6
       Royal jelly       |       |       |       |     1 |       ||     1
Armor: Scale mail        |    43 |    69 |       |       |       ||   112
       Plate armour      |       |    27 |   174 |   419 |    22 ||   642
       Chain mail        |       |       |       |       |   226 ||   226
Dodge: Dodged            |    19 |    27 |    39 |   170 |   138 ||   393
Block: Shield            |    44 |   109 |   128 |   388 |   390 ||  1059

Inventory:

Hand Weapons
 a - a +1 shortbow of flaming
   (You took it off a centaur in a volcano)
 i - the +8 storm bow {elec}
   (You found it on level 2 of the Lair of Beasts)

   It charges the ammunition it shoots with electricity; occasionally upon a
   hit, such missiles may discharge and cause terrible harm.
 u - a +0 shortbow of flaming
   (You took it off a salamander in a volcano)
 y - a +0 scythe of draining
   (You found it on level 3 of the Lair of Beasts)
 E - a +0 vampiric war axe
   (You took it off an orc warrior on level 9 of the Dungeon)
 T - the +1 war axe "Sumom" (weapon) {chop, *Drain Str+7 Dex+4}
   (You found it on level 3 of the Lair of Beasts)

   It inflicts extra damage upon your enemies.
   It affects your strength (+7).
   It affects your dexterity (+4).
   It causes draining when unequipped.
 W - the +8 demon blade "Leech" {vamp, rN+ AC-3 EV-3}
   (You found it on level 5 of the Lair of Beasts)

   It inflicts no extra harm, but heals its wielder when it wounds a living foe.
   It affects your AC (-3).
   It affects your evasion (-3).
   It protects you from negative energy.
Missiles
 L - a throwing net (quivered)
Armour
 c - a +0 shield (worn)
 l - a +0 helmet (worn)
   (You found it on level 3 of the Dungeon)
 n - a +3 chain mail of fire resistance (worn)
   (You found it in a volcano)
 A - a +0 cloak (worn)
   (You bought it in a shop on level 5 of the Dungeon)
 B - a +0 pair of boots (worn)
   (You bought it in a shop on level 5 of the Dungeon)
 Q - a +0 pair of gloves (worn)
   (You found it on level 2 of the Lair of Beasts)
Jewellery
 e - an amulet of rage (around neck) {+Rage}
   (You found it on level 7 of the Dungeon)
 p - an uncursed ring of ice {rC+, rF-}
   (You found it on level 4 of the Lair of Beasts)
 X - a +5 ring of dexterity (left hand)
   (You found it on level 5 of the Lair of Beasts)
Wands
 v - a wand of acid (9)
   (You found it on level 5 of the Lair of Beasts)
 R - a wand of paralysis (34)
   (You found it on level 4 of the Lair of Beasts)
Scrolls
 m - 5 scrolls of remove curse
 r - 3 scrolls of identify
 s - a scroll of immolation
 t - 4 scrolls of teleportation {!r}
 x - 2 scrolls of noise {unknown}
 F - 3 scrolls of silence {unknown}
 N - 4 scrolls of holy word {unknown}
 U - 2 scrolls of enchant armour
 Y - 3 scrolls of enchant weapon {unknown}
Potions
 d - 4 potions of curing
 w - 3 potions of haste {unknown}
 z - 3 potions of berserk rage {!q}
 C - 3 potions of invisibility
 D - 3 potions of resistance
 H - 3 potions of lignification {unknown}
 I - a potion of might
 J - a potion of magic {unknown}
 O - 4 potions of flight
 P - a potion of ambrosia {unknown}
Miscellaneous
 M - a lamp of fire
   (You found it on level 4 of the Lair of Beasts)
Comestibles
 f - 7 bread rations
 g - 6 meat rations
 j - 17 royal jellies

Dungeon Overview and Level Annotations

Branches:
Dungeon (13/15)            Temple (0/1) D:4            Lair (6/6) D:9
  Swamp (0/4) Lair:3        Snake (0/4) Lair:4        Slime (0/5) Lair:6
    Orc (1/2) D:9
 Vaults: D:13-14

Altars:
Cheibriados
Dithmenos
Elyvilon
Fedhas
Gozag
Kikubaaqudgha
Nemelex Xobeh
Ru
Uskayaw
Vehumet
Xom
Yredelemnul

Shops:
D:5 [

Annotations:
D:13 Louise, Urug


You were on level 2 of the Abyss.
You worshipped Beogh.
Beogh was exalted by your worship.
You were very hungry.

You visited 3 branches of the dungeon, and saw 20 of its levels.
You visited the Abyss 1 time.
You also visited: Volcano.

You collected 1438 gold pieces.
You spent 216 gold pieces at shops.


Message History

* * * LOW HITPOINT WARNING * * *
You take 6 damage, and have 42/214 hp.
You slash the apocalypse crab!
The smoke demon is no longer paralysed.
You barely miss the apocalypse crab.
Your orc wizard is engulfed in seething chaos.
Your orc wizard casts a spell.
Your orc wizard flickers and vanishes for a moment.
Your orc warrior is engulfed in seething chaos.
Your orc warrior suddenly stops moving!
Your orc is engulfed in seething chaos.
Your orc seems to slow down.
Your orc wizard mumbles some strange words.
Your orc wizard blinks!
Your orc wizard is engulfed in seething chaos.
Your orc wizard seems to slow down.
The apocalypse crab is engulfed in seething chaos.
The apocalypse crab bites you.
* * * LOW HITPOINT WARNING * * *
You are engulfed in flames!
You resist.
* * * LOW HITPOINT WARNING * * *
The apocalypse crab claws you.
* * * LOW HITPOINT WARNING * * *
The apocalypse crab freezes you!!
* * * LOW HITPOINT WARNING * * *
You take 31 damage, and have 11/214 hp.
You hit the apocalypse crab.
You flicker for a moment.
Your orc warrior is engulfed in seething chaos.
Your orc wizard is engulfed in seething chaos.
Your orc wizard hits the apocalypse crab but does no damage.
You slash the apocalypse crab! Flames sear your flesh.
The apocalypse crab is engulfed in seething chaos.
The apocalypse crab breathes chaos at you.
The blast of chaos engulfs you!
Your orc is engulfed in seething chaos.
Your orc flickers and vanishes for a moment.
Your orc wizard is engulfed in seething chaos.
Your orc wizard seems to speed up.
The smoke demon is engulfed in seething chaos.
The smoke demon suddenly stops moving!
You hit the apocalypse crab.
Your orc wizard is engulfed in seething chaos.
Your orc wizard hits the apocalypse crab but does no damage.
The apocalypse crab is engulfed in seething chaos.
The apocalypse crab suddenly stops moving!
The helpless apocalypse crab fails to defend itself.
You open the apocalypse crab like a pillowcase!!!
You kill the apocalypse crab!
Beogh accepts your kill.
Your orc wizard hits the smoke demon but does no damage.
The helpless smoke demon fails to defend itself.
You carve the smoke demon like a ham!!!
You kill the smoke demon!
Beogh accepts your kill.
Your base Dodging skill increases to level 3!
Your orc wizard looks more experienced.
Your orc wizard looks more experienced.
Your orc looks more experienced.
You are too berserk!
Unknown command.
Unknown command.
You start resting.
You feel a strong urge to attack something.
You flicker back into view.
You are no longer berserk.
You are exhausted.
You feel yourself slow down.
You now have 8/143 hp.
You start resting.
A purple draconian monk is nearby!
The purple draconian monk breathes dispelling energy at you.
The bolt of dispelling energy hits your orc.
Your orc dies!
You are feeling very hungry.
Your orc wizard casts a spell at the purple draconian monk.
The magic dart hits your orc wizard.
You start resting.
A bolt of dispelling energy appears from out of your range of vision.
A ynoxinul comes into view.
The ynoxinul bellows!
You hear a chilling moan.
Found a gateway leading deeper into the Abyss.
Unknown command.
The ynoxinul barely misses you.
A quasit comes into view.
The quasit gives a chilling moan.
A wretched star comes into view.
The ynoxinul gestures.
Unknown command.
You slash the wretched star!
Your extra speed is starting to run out.
You slice the wretched star!! You slash the quasit!
You kill the quasit!
Beogh accepts your kill.
The ynoxinul gestures.
The wretched star pulses with an eldritch light!
You feel a little pissed off.
You feel angry.
You feel weirdly uncertain.
You feel even more weirdly uncertain.
The wretched star glows turbulently.
The orb of energy misses you.
The orb of energy explodes!
The wretched star glows turbulently.
The orb of energy hits you!
You die...

.... #.# ###..#.##.
.... #.# ###.. ....#
#..##.# #5##...#.o# .
#.....###..#..##. .
.###.....##.5..##.##.#
.....#...#.3#..# . #.
. #...#..*#..##
..##..#%#
#..........##..#.... #
#.....@5#.##. #.##
#### #.#.....#.#
.......# ###..##.#
##..#. # .# ##.##..
#.##. .. #.##.. . #.
..##... # ..# ... ...


You could see a wretched star, a ynoxinul and 2 ufetubi.

Notes
Turn   | Place    | Note
-------+----------+-------------------------------------------
     0 | D:1      | theanonym the Hill Orc Fighter began the quest for the Orb.
     0 | D:1      | Reached XP level 1. HP: 19/19 MP: 1/1
    47 | D:1      | Reached skill level 3 in Axes
   131 | D:1      | Reached XP level 2. HP: 26/26 MP: 2/2
   144 | D:1      | Reached skill level 4 in Axes
   415 | D:1      | Reached XP level 3. HP: 29/31 MP: 3/3
   637 | D:2      | Found an opulent altar of Gozag.
   637 | D:2      | Found a shadowy altar of Dithmenos.
   638 | D:2      | Found a sacrificial altar of Ru.
   644 | D:2      | Found a sparkling altar of Nemelex Xobeh.
   645 | D:2      | Found a radiant altar of Vehumet.
   733 | D:2      | Found a faded altar of an unknown god.
   749 | D:2      | Reached skill level 5 in Axes
  1132 | D:2      | Reached XP level 4. HP: 39/39 MP: 4/4
  1246 | D:2      | Noticed a bullfrog
  1404 | D:2      | Killed a bullfrog
  1404 | D:2      | Reached skill level 6 in Axes
  1404 | D:2      | Reached XP level 5. HP: 29/45 MP: 5/5
  1569 | D:3      | Reached skill level 7 in Axes
  2309 | D:3      | Became a worshipper of Beogh the Brigand
  2444 | D:3      | Found a snail-covered altar of Cheibriados.
  2498 | D:3      | Reached skill level 8 in Axes
  2498 | D:3      | Reached XP level 6. HP: 51/51 MP: 6/6
  2892 | D:4      | Found a staircase to the Ecumenical Temple.
  3209 | D:4      | Learned a level 2 spell: Blink
  3866 | D:5      | Entered Level 5 of the Dungeon
  3882 | D:5      | Reached skill level 9 in Axes
  4038 | D:5      | Reached XP level 7. HP: 31/57 MP: 7/7
  4238 | D:5      | Found a shimmering altar of Xom.
  4270 | D:5      | Reached skill level 10 in Axes
  4276 | D:5      | Found an ancient bone altar of Kikubaaqudgha.
  4324 | D:5      | Reached skill level 4 in Fighting
  4401 | D:5      | Reached * piety under Beogh
  4445 | D:5      | Found a white marble altar of Elyvilon.
  4462 | D:5      | Reached skill level 11 in Axes
  4462 | D:5      | Reached XP level 8. HP: 63/67 MP: 8/8
  4467 | D:5      | Reached skill level 5 in Fighting
  4467 | D:5      | Reached skill level 1 in Invocations
  4564 | D:5      | Found Qaogoekh's Antique Armour Shop.
  4578 | D:5      | Bought a cloak for 108 gold pieces
  4578 | D:5      | Bought a pair of boots for 108 gold pieces
  5388 | D:6      | Noticed a hippogriff
  5434 | D:6      | Killed a hippogriff
  5434 | D:6      | Reached skill level 6 in Fighting
  5434 | D:6      | Reached skill level 12 in Axes
  6160 | D:7      | Reached XP level 9. HP: 59/78 MP: 10/10
  6163 | D:7      | Reached ** piety under Beogh
  6265 | D:7      | Reached skill level 13 in Axes
  6269 | D:7      | Reached skill level 7 in Fighting
  6468 | D:7      | HP: 59/118 [killer bee (4)]
  6473 | D:7      | HP: 39/118 [poisoned by a killer bee]
  6478 | D:7      | HP: 27/118 [poisoned by a killer bee]
  6482 | D:7      | HP: 13/79 [poisoned by a killer bee]
  6487 | D:7      | HP: 9/79 [poisoned by a killer bee]
  6493 | D:7      | HP: 7/79 [poisoned by a killer bee]
  6500 | D:7      | HP: 6/79 [poisoned by a killer bee]
  6651 | D:7      | HP: 39/79 [quokka (1)]
  7141 | D:8      | Noticed a two-headed ogre
  7158 | D:8      | Killed a two-headed ogre
  7158 | D:8      | Reached skill level 8 in Fighting
  7158 | D:8      | Reached skill level 14 in Axes
  7345 | D:8      | Reached XP level 10. HP: 88/90 MP: 11/11
  7584 | D:8      | Reached skill level 15 in Axes
  7662 | D:8      | Reached skill level 9 in Fighting
  7763 | D:8      | HP: 44/91 [worker ant (5)]
  7768 | D:8      | HP: 41/91 [poisoned by a worker ant]
  7774 | D:8      | HP: 37/91 [poisoned by a worker ant]
  7782 | D:8      | HP: 36/91 [poisoned by a worker ant]
  7790 | D:8      | HP: 36/91 [poisoned by a worker ant]
  8145 | D:8      | Noticed a two-headed ogre
  8153 | D:8      | HP: 41/91 [two-headed ogre/giant club (18)]
  8156 | D:8      | Killed a two-headed ogre
  8588 | D:8      | HP: 45/92 [poisoned by a soldier ant]
  8593 | D:8      | HP: 36/92 [poisoned by a soldier ant]
  8598 | D:8      | HP: 29/92 [poisoned by a soldier ant]
  8603 | D:8      | HP: 26/92 [poisoned by a soldier ant]
  8608 | D:8      | HP: 23/92 [poisoned by a soldier ant]
  8614 | D:8      | HP: 21/92 [poisoned by a soldier ant]
  8620 | D:8      | HP: 21/92 [poisoned by a soldier ant]
  8628 | D:8      | HP: 21/92 [poisoned by a soldier ant]
  8924 | D:8      | Paralysed by a hornet for 3 turns
  8929 | D:8      | Paralysed by a hornet for 3 turns
  8934 | D:8      | Reached *** piety under Beogh
  8934 | D:8      | Reached skill level 16 in Axes
  9244 | D:9      | Found a staircase to the Orcish Mines.
  9256 | D:9      | Reached skill level 2 in Invocations
  9301 | D:9      | HP: 45/93 [troll zombie (4)]
  9310 | D:9      | HP: 37/93 [two-headed ogre zombie (9)]
  9315 | D:9      | HP: 23/93 [two-headed ogre zombie (5)]
  9316 | D:9      | Reached skill level 10 in Fighting
  9316 | D:9      | Reached skill level 1 in Dodging
  9332 | D:9      | HP: 26/93 [ogre zombie (1)]
  9694 | D:9      | Reached **** piety under Beogh
  9708 | D:9      | Reached skill level 3 in Invocations
  9749 | D:9      | Reached skill level 4 in Armour
  9749 | D:9      | Reached skill level 4 in Shields
 10185 | D:9      | Reached XP level 11. HP: 86/100 MP: 13/13
 10216 | D:9      | Learned a level 1 spell: Apportation
 10250 | D:9      | Found a basalt altar of Yredelemnul.
 10368 | D:9      | Reached skill level 4 in Invocations
 10501 | D:9      | Paralysed by a hornet for 1 turns
 10549 | D:9      | HP: 49/101 [troll zombie (2)]
 11012 | D:9      | Reached skill level 5 in Armour
 11012 | D:9      | Reached skill level 5 in Shields
 11085 | D:9      | Reached ***** piety under Beogh
 11086 | D:9      | Found a staircase to the Lair.
 11135 | D:10     | Entered Level 10 of the Dungeon
 11182 | D:10     | Noticed theanonym's ghost (journeyman HOFi)
 11329 | D:10     | Killed theanonym's ghost
 11329 | D:10     | Reached skill level 5 in Invocations
 11329 | D:10     | Gained Olfrun as an ally
 11457 | D:10     | Noticed a two-headed ogre
 11506 | D:10     | Noticed a two-headed ogre
 11511 | D:10     | Killed a two-headed ogre
 11567 | D:10     | Noticed a seven-headed hydra
 11577 | D:10     | Killed an 11-headed hydra
 11589 | D:10     | Killed a two-headed ogre
 11589 | D:10     | Reached skill level 11 in Fighting
 11589 | D:10     | Reached skill level 6 in Shields
 11590 | D:10     | Reached skill level 6 in Armour
 11769 | D:10     | Found a blossoming altar of Fedhas.
 12137 | Lair:1   | Entered Level 1 of the Lair of Beasts
 12236 | Lair:1   | Reached skill level 6 in Invocations
 12283 | Lair:1   | Noticed Sonja
 12318 | Lair:1   | HP: 44/102 [asphyx]
 12323 | Lair:1   | HP: 49/102 [poisoned by Sonja]
 12327 | Lair:1   | Killed Sonja
 12486 | Lair:1   | Reached skill level 7 in Invocations
 12725 | Lair:1   | Found a shimmering altar of Xom.
 13252 | Lair:2   | Found the +8 storm bow {elec}
 13281 | Lair:2   | Reached skill level 8 in Invocations
 13281 | Lair:2   | Reached XP level 12. HP: 98/110 MP: 16/18
 13334 | Lair:2   | HP: 48/110 [black mamba (10)]
 13339 | Lair:2   | HP: 38/110 [poisoned by a black mamba]
 13344 | Lair:2   | HP: 32/110 [poisoned by a black mamba]
 13349 | Lair:2   | HP: 28/110 [poisoned by a black mamba]
 13354 | Lair:2   | HP: 25/110 [poisoned by a black mamba]
 13359 | Lair:2   | HP: 24/110 [poisoned by a black mamba]
 13364 | Lair:2   | HP: 23/110 [poisoned by a black mamba]
 13371 | Lair:2   | HP: 23/110 [poisoned by a black mamba]
 13379 | Lair:2   | HP: 23/110 [poisoned by a black mamba]
 13788 | Lair:2   | Reached skill level 7 in Shields
 13817 | Lair:2   | Reached skill level 7 in Armour
 13999 | Lair:2   | Noticed a death yak
 14000 | Lair:2   | Noticed a death yak
 14028 | Lair:2   | Noticed a death yak
 14318 | Lair:2   | Noticed a four-headed hydra
 14327 | Lair:2   | Killed an eight-headed hydra
 14333 | Lair:2   | Gained Marbork as an ally
 14650 | Lair:3   | Found a staircase to the Swamp.
 14689 | Lair:3   | Reached skill level 9 in Invocations
 14774 | Lair:3   | Gained Warbeogh as an ally
 14777 | Lair:3   | Reached skill level 12 in Fighting
 14814 | Lair:3   | Reached skill level 8 in Shields
 14817 | Lair:3   | Reached skill level 8 in Armour
 14932 | Lair:3   | Noticed Harold
 14947 | Lair:3   | Killed Harold
 15135 | Lair:3   | Got a translucent war axe
 15136 | Lair:3   | Identified the +1 war axe "Sumom" {chop, *Drain Str+7 Dex+4} (You found it on level 3 of the Lair of Beasts)
 15396 | Lair:3   | Reached skill level 10 in Invocations
 15403 | Lair:3   | Reached ****** piety under Beogh
 15696 | Lair:4   | Found a staircase to the Snake Pit.
 16242 | Lair:4   | Reached skill level 9 in Armour
 16242 | Lair:4   | Reached skill level 9 in Shields
 16242 | Lair:4   | Reached XP level 13. HP: 112/119 MP: 20/20
 16642 | Lair:5   | Found the +8 demon blade "Leech" {vamp, rN+ AC-3 EV-3}
 16662 | Lair:5   | Reached skill level 13 in Fighting
 16860 | Lair:5   | Noticed Josephine
 16875 | Lair:5   | Killed Josephine
 17568 | Lair:6   | Entered Level 6 of the Lair of Beasts
 17597 | Lair:6   | Your ally Marbork died
 17677 | Lair:6   | Found a staircase to the Slime Pits.
 17785 | Lair:6   | Found a dark tunnel.
 17790 | Volcano  | Entered a volcano
 17842 | Volcano  | HP: 59/122 [two-headed ogre/giant club of flaming (8)]
 17843 | Volcano  | Reached skill level 10 in Armour
 17843 | Volcano  | Reached skill level 10 in Shields
 18481 | Lair:6   | Reached skill level 14 in Fighting
 18481 | Lair:6   | HP: 62/124 [spiny frog (6)]
 18504 | Lair:6   | HP: 57/124 [electric eel/bolt of electricity (10)]
 18519 | Lair:6   | HP: 54/124 [rime drake/flash freeze (6)]
 18533 | Lair:6   | HP: 40/124 [bullfrog (2)]
 18562 | Lair:6   | HP: 30/124 [tyrant leech (19)]
 19125 | Lair:6   | Reached skill level 11 in Shields
 19165 | Lair:6   | Reached skill level 11 in Armour
 19224 | Lair:6   | Reached XP level 14. HP: 79/133 MP: 21/21
 20459 | Orc:1    | Entered Level 1 of the Orcish Mines
 20799 | D:11     | Found a blossoming altar of Fedhas.
 20908 | D:11     | Reached skill level 15 in Fighting
 21034 | D:11     | Gained Ortolf as an ally
 21040 | D:11     | Gained Nordag as an ally
 21774 | D:12     | Your ally Ortolf died
 21777 | D:12     | Reached skill level 12 in Shields
 21788 | D:12     | Reached skill level 12 in Armour
 22054 | D:12     | Noticed Rupert
 22066 | D:12     | Killed Rupert
 22071 | D:12     | Found a radiant altar of Vehumet.
 22932 | D:13     | Found a hide-covered altar of Uskayaw.
 23085 | D:13     | Noticed Louise
 23085 | D:13     | Noticed Urug
 23096 | D:13     | HP: 64/135 [deep elf knight/long sword (8)]
 23096 | D:13     | Your ally Nordag died
 23103 | D:12     | Reached skill level 2 in Dodging
 23617 | D:13     | Cast into level 2 of the Abyss (Louise)
 23621 | Abyss:2  | Found a sparkling altar of Nemelex Xobeh.
 23849 | Abyss:2  | HP: 62/136 [hell hog/fireball (9)]
 23854 | Abyss:2  | HP: 60/136 [hell hog (2)]
 23857 | Abyss:2  | Noticed a starcursed mass
 23864 | Abyss:2  | Reached XP level 15. HP: 77/143 MP: 22/22
 23876 | Abyss:2  | HP: 69/143 [large abomination (9)]
 23907 | Abyss:2  | HP: 68/143 [insubstantial wisp/static electricity (7)]
 23915 | Abyss:2  | Gained Arbolt as an ally
 24008 | Abyss:2  | Noticed a purple draconian monk
 24009 | Abyss:2  | HP: 71/143 [purple draconian monk/bolt of dispelling energy (28)]
 24020 | Abyss:2  | HP: 47/143 [purple draconian monk/bolt of dispelling energy (25)]
 24027 | Abyss:2  | HP: 49/143 [purple draconian monk (6)]
 24043 | Abyss:2  | HP: 25/143 [ancient zyme (5)]
 24052 | Abyss:2  | HP: 42/214 [apocalypse crab/blast of chaos (6)]
 24054 | Abyss:2  | HP: 11/214 [apocalypse crab (20)]
 24060 | Abyss:2  | Reached skill level 3 in Dodging
 24088 | Abyss:2  | Killed from afar by a wretched star

Vanquished Creatures
  Rupert (D:12)
  Josephine (Lair:5)
  Harold (Lair:3)
  A hydra (Lair:6)
  6 two-headed ogres
  2 death yaks (Lair:2)
  A hell hog (Volcano)
  2 thrashing horrors (Abyss:2)
  A wretched star (Abyss:2)
  2 unseen horrors
  A deep elf mage (D:12)
  A manticore (D:12)
  3 cyclopes
  6 elephants
  A salamander (Volcano)
  An ugly thing (D:12)
  An apocalypse crab (Abyss:2)
  A black mamba (Lair:4)
  2 smoke demons (Abyss:2)
  A centaur skeleton (D:13)
  A gargoyle (D:11)
  10 spiny frogs
  2 komodo dragons
  2 rime drakes
  An ancient zyme (Abyss:2)
  2 tyrant leeches (Lair:6)
  2 trolls
  2 polar bears (Lair:5)
  A slime creature (D:12)
  5 hornets
  10 hippogriffs
  A raiju (Abyss:2)
  6 blink frogs
  2 large abominations (Abyss:2)
  4 wyverns
  2 fire bats (Volcano)
  A wraith (Lair:5)
  10 yaks
  A basilisk (Lair:4)
  A steam dragon (D:9)
  7 vampire mosquitoes
  3 hungry ghosts
  A two-headed ogre zombie (D:9)
  3 nagas (Lair:4)
  A soldier ant (D:8)
  4 insubstantial wisps (Abyss:2)
  7 porcupines
  6 water moccasins
  2 floating eyes (D:9)
  An eye of draining (D:11)
  An orc warrior (D:7)
  4 phantoms
  A black bear (D:9)
  4 sky beasts
  3 ice beasts
  A small abomination (Abyss:2)
  4 ogres
  17 wolves
  14 centaurs
  14 crocodiles
  2 big kobolds (D:11)
  14 bullfrogs
  2 gnoll sergeants
  A wyvern skeleton (D:13)
  A scorpion (D:5)
  3 troll zombies (D:9)
  11 killer bees
  7 wights
  3 electric eels
  8 howler monkeys
  4 crimson imps
  2 centaur zombies
  4 bullfrog zombies
  8 hounds
  4 quasits
  13 jellies
  5 orc priests
  2 bullfrog skeletons (D:8)
  6 orc wizards
  3 hell rats (Lair:6)
  8 iguanas
  4 worker ants
  4 ogre zombies (D:9)
  A hound zombie (D:7)
  2 hound skeletons
  3 worker ant zombies
  12 gnolls
  11 adders
  4 shadow imps
  An ooze (D:2)
  2 adder zombies
  6 worms
  2 dart slugs (D:2)
  15 leopard geckos
  17 orcs
  2 ball pythons
  7 bats
  6 giant cockroaches
  2 gnoll zombies (D:9)
  12 hobgoblins
  6 jackals
  19 kobolds
  7 quokkas
  22 frilled lizards
  A giant cockroach zombie (D:5)
  11 goblins
  5 goblin skeletons (D:9)
  A goblin zombie (D:9)
  3 hobgoblin zombies (D:9)
  A leopard gecko skeleton (D:6)
  A leopard gecko zombie (D:5)
  An orc skeleton (D:9)
  15 orc zombies (D:9)
  A quokka skeleton (D:9)
  A quokka zombie (D:9)
  8 rats
  2 fungi
  4 plants
533 creatures vanquished.

Vanquished Creatures (collateral kills)
  An ettin (Orc:1)
  The ghost of theanonym the Severer, a journeyman HOFi of Beogh (D:10)
  A catoblepas (D:13)
  5 hydras
  A centaur warrior (D:13)
  A two-headed ogre (D:10)
  A death yak (Lair:2)
  Sonja (Lair:1)
  A deep elf knight (D:12)
  A hell knight (D:13)
  2 unseen horrors (D:12)
  3 cyclopes
  An ugly thing (D:12)
  A slime creature (D:12)
  3 elephants (Lair:6)
  3 black mambas
  A centaur skeleton (D:12)
  14 spiny frogs
  2 komodo dragons (Lair:1)
  A rime drake (Lair:1)
  A troll (D:12)
  2 tyrant leeches (Lair:6)
  2 polar bears (Lair:5)
  11 blink frogs
  A hornet (D:12)
  A hippogriff (Lair:3)
  4 wraiths (Lair:5)
  9 yaks
  5 vampire mosquitoes
  A basilisk (Lair:3)
  2 acid dragons
  2 water moccasins
  A black bear (D:9)
  2 orc warriors (D:9)
  A phantom (D:11)
  An eye of draining (D:13)
  10 crocodiles
  9 wolves
  2 centaurs
  6 bullfrogs
  A gnoll sergeant (D:10)
  An electric eel (Lair:5)
  3 howler monkeys
  2 crimson imps
  3 jellies (Lair:6)
  3 orc priests
  3 orc wizards
  3 iguanas
  4 hell rats (Lair:6)
  An adder (D:10)
  A shadow imp (D:10)
  An adder zombie (D:10)
  A leopard gecko (Lair:3)
  4 orcs (D:12)
  A jackal (D:9)
  A quokka (D:10)
  A frilled lizard (Lair:3)
  2 kobolds (D:11)
  A quokka skeleton (D:9)
  3 fungi
  6 plants
164 creatures vanquished.

Vanquished Creatures (others)
  An orc high priest (Lair:6)
  An orc knight (D:13)
  3 orc warriors
  7 orc wizards
  3 orc priests
  A centaur (Volcano)
  A gnoll (D:5)
  An adder (D:5)
  A dart slug (D:3)
  A leopard gecko (D:5)
  20 orcs
  A hobgoblin (D:3)
  A quokka (D:5)
  13 fungi
  56 plants
  A withered plant (D:5)
112 creatures vanquished.

Grand Total: 809 creatures vanquished
